 Dungeon Crawl Stone Soup version 0.29-a0-923-g6e406bff71 (webtiles) character file.

Game seed: 10117961843626330296

523 Elmgren the Chopper (level 7, 0/62 HPs)
             Began as a Minotaur Berserker on July 28, 2022.
             Was a Priest of Trog.
             Succumbed to an orc wizard's poison
             ... on level 4 of the Dungeon.
             The game lasted 00:04:59 (4199 turns).

Elmgren the Chopper (Minotaur Berserker)            Turns: 4199, Time: 00:05:00

Health: 0/62       AC: 11    Str: 30    XL:     7   Next: 2%
Magic:  6/6        EV: 10    Int:  4    God:    Trog [***...]
Gold:   235        SH:  0    Dex:  9    Spells: 6/6 levels left

rFire   . . .      SeeInvis .   m - +0 war axe
rCold   . . .      Faith    .   (no shield)
rNeg    . . .      Spirit   .   c - +0 chain mail
rPois   .          Reflect  .   (helmet restricted)
rElec   .          Harm     .   (no cloak)
rCorr   .          Rampage  .   i - +0 pair of gloves
Will    .....                   (no boots)
Stlth   ..........              (no amulet)
HPRegen 0.20/turn               j - +6 ring of strength
MPRegen 0.10/turn               (no ring)

@: lethally poisoned (0 -> -10), on berserk cooldown, slowed, very slow
A: horns 2, retaliatory headbutt
a: Renounce Religion, Berserk, Trog's Hand


You were on level 4 of the Dungeon.
You worshipped Trog.
Trog was most pleased with you.
You visited 1 branch of the dungeon, and saw 4 of its levels.

You collected 235 gold pieces.

Inventory:

Hand Weapons
 m - a +0 war axe (weapon)
Armour
 c - a +0 chain mail (worn)
 i - a +0 pair of gloves (worn)
Jewellery
 j - a +6 ring of strength (left hand)
Wands
 a - a wand of flame (13)
 n - a wand of mindburst (16)
Scrolls
 g - 5 scrolls of identify
 l - a scroll of enchant weapon
 p - a scroll of poison {unknown}
 q - a scroll of blinking
Potions
 b - 2 potions of degeneration {unknown}
 d - a potion of might
 e - a potion of flight {unknown}
 f - 2 potions of berserk rage {unknown}
 h - 2 potions of resistance {unknown}
 k - a potion of mutation {unknown}
 o - a potion of lignification {unknown}
 r - a potion of attraction {unknown}
 s - a potion of curing {unknown}


   Skills:
 + Level 5.7 Fighting
 + Level 5.7 Axes
 + Level 5.0 Armour
 + Level 4.5 Dodging


You had 6 spell levels left.
You didn't know any spells.
Your spell library was empty.

Dungeon Overview and Level Annotations

Branches:
Dungeon (4/15)
 Temple: D:4-7

Altars:
Qazlal
Yredelemnul


Innate Abilities, Weirdness & Mutations

You have a pair of horns on your head.
You reflexively headbutt those who attack you in melee.


Message History

* * * LOW HITPOINT WARNING * * *
You feel extremely sick. Something hits you but does no damage.
A red film seems to cover your vision as you go berserk!
You feel yourself moving faster!
You feel mighty!
You feel very sick. Something hits you.
* * * LOW HITPOINT WARNING * * *
You are lethally poisoned!
You slash something!
You feel the power of Trog in you as your rage grows.
Trog accepts your kill.
Trog appreciates your killing of a magic user.
Reactivating autopickup.
You feel a bit more experienced.
* * * LOW HITPOINT WARNING * * *
You feel very sick.
You have reached level 7!
There is a lethal amount of poison in your body!
There is a lethal amount of poison in your body!
There is a lethal amount of poison in your body!
* * * LOW HITPOINT WARNING * * *
You feel very sick.
Items here: ! ( ) [.
You feel a strong urge to attack something.
* * * LOW HITPOINT WARNING * * *
You feel very sick.
* * * LOW HITPOINT WARNING * * *
You feel sick.
Items here: ! ( ) [.
You feel your anger nearly subside.
* * * LOW HITPOINT WARNING * * *
You feel very sick.
You are no longer berserk.
You are exhausted.
You feel yourself slow down.
* * * LOW HITPOINT WARNING * * *
You feel sick.
Items here: ! ( ) [.
You die...

........>.......
#######.########.
.. #.# ..... ...
# #.# ....# ....
# #.# ...##... #
#.# ...... #
#.#####'#.# #
#.....)...### ...
###...@)....#
#... #..†......#
#...
#............
.....
#............
.....
#............ ..
#............
#............
#............


There were no monsters in sight!

Vanquished Creatures
  2 black bears (D:4)
  The ghost of Thjof the Poker, an amateur MfMo (D:3)
  An orc priest (D:3)
  Jessica (D:3)
  2 orc wizards (D:4)
  3 gnolls (D:2)
  2 adders
  An adder zombie (D:3)
  4 dart slugs
  8 orcs
  3 ball pythons
  5 endoplasms
  3 giant cockroaches
  12 hobgoblins
  2 jackals (D:3)
  7 kobolds
  3 quokkas
  A ball python zombie (D:3)
  7 bats
  3 frilled lizards
  6 goblins
  8 rats
85 creatures vanquished.

Notes
Turn   | Place    | Note
-------+----------+-------------------------------------------
     0 | D:1      | Elmgren the Minotaur Berserker began the quest for the Orb.
     0 | D:1      | Reached XP level 1. HP: 19/19 MP: 0/0
   176 | D:1      | Reached XP level 2. HP: 27/27 MP: 1/1
   380 | D:1      | Reached ** piety under Trog
   481 | D:1      | Reached XP level 3. HP: 33/33 MP: 2/2
  1031 | D:2      | Reached XP level 4. HP: 22/40 MP: 3/3
  1432 | D:2      | Found a faded altar of an unknown god.
  2528 | D:3      | Found a stormy altar of Qazlal.
  2545 | D:3      | Found a runed translucent gate.
  2545 | D:3      | Found a runed translucent gate.
  2545 | D:3      | Found a runed translucent gate.
  2545 | D:3      | Noticed Thjof's ghost (amateur MfMo)
  2548 | D:3      | Found a basalt altar of Yredelemnul.
  2563 | D:3      | Killed Thjof's ghost
  2564 | D:3      | Reached XP level 5. HP: 32/47 MP: 4/4
  2924 | D:3      | Reached skill level 5 in Fighting
  2924 | D:3      | Reached skill level 5 in Axes
  3174 | D:3      | Reached *** piety under Trog
  3306 | D:3      | Noticed Jessica
  3313 | D:3      | Killed Jessica
  3314 | D:3      | Reached XP level 6. HP: 56/56 MP: 5/5
  4183 | D:4      | Reached skill level 5 in Armour
  4194 | D:4      | Reached XP level 7. HP: 18/62 MP: 6/6
  4198 | D:4      | HP: 2/62 [poisoned by an orc wizard]
  4199 | D:4      | Succumbed to an orc wizard's poison

Illustrated notes

Levels and vault maps discovered:
D:1:      nicolae_arrival_memento_mori, layout_basic
D:2:      layout_rooms, shapermc_ecumenical_altar_rom_forum
D:3:      kennysheep_six_static_rooms, layout_loops_ring,
          nicolae_yredelemnul_ghost_church, mainiacjoe_overflow_catwalk,
          uniq_jessica
D:4:      layout_basic, minmay_temple_entry_poolview, minmay_distorted

Skill      XL: |  1  2  3  4  5  6 |
---------------+-------------------+-----
Fighting       | 4 5 |  5.7
Axes           | 4 5 |  5.7
Armour         | 3 4 5 |  5.0
Dodging        | 3 4 |  4.5

Action                   |  1- 3 |  4- 6 |  7- 9 || total
-------------------------+-------+-------+-------++-------
Melee: Hand axe          |    60 |    20 |       ||    80
       Headbutt          |     6 |    17 |       ||    23
       Punch             |     1 |     1 |       ||     2
       War axe           |       |    99 |       ||    99
Invok: Berserk           |       |     1 |       ||     1
  Use: Scroll            |     3 |     4 |       ||     7
Armor: Chain mail        |    46 |    80 |       ||   126
Dodge: Dodged            |    34 |    66 |       ||   100

Table legend: (Time is in decaauts)
 A = Elapsed time spent in this place.
 B = Non-inter-level travel time spent in this place.
 C = Inter-level travel time spent in this place.
 D = Time resting spent in this place.
 E = Time spent auto-exploring this place.
 F = Levels seen in this place.
 G = Mean time per level.
                   A        B        C        D        E       F      G
               +--------+--------+--------+--------+--------+-----+--------+
         Total |   4228 |   4185 |     43 |   1710 |   1945 |   4 | 1057.0 |
       Dungeon |   4228 |   4185 |     43 |   1710 |   1945 |   4 | 1057.0 |
               +--------+--------+--------+--------+--------+-----+--------+

Top non-repeatable levels by time:
     D:2: 1453 daAuts
     D:3: 1309 daAuts
     D:1: 912 daAuts
     D:4: 552 daAuts
